 Dungeon Crawl Stone Soup version 0.30.0-29-ga12c61a403 (webtiles) character file.

Game seed: 2739844090444487691

54 ChrisAssaf the Firebug (level 3, -2/42 HPs)
             Began as a Draconian Fire Elementalist on June 6, 2023.
             Killed by divine providence
             ... invoked by an orc priest
              (8 damage)
             ... on level 3 of the Dungeon.
             The game lasted 00:04:47 (845 turns).

ChrisAssaf the Firebug (Draconian Fire Elementalist) Turns: 845, Time: 00:04:47

Health: -2/42      AC: 21    Str: 12    XL:     3   Next: 66%
Magic:  1/6        EV:  2    Int: 15    God:
Gold:   97         SH:  0    Dex: 11    Spells: 0/6 levels left

rFire   . . .        h - +2 dagger (pain)
rCold   . . .        (no shield)
rNeg    . . .        (body armour unavailable)
rPois   +            (helmet currently unavailable)
rElec   .            (cloak currently unavailable)
rCorr   .            (gloves currently unavailable)
SInv    .            (boots currently unavailable)
Will    .....        (no amulet)
Stlth   ++           (no ring)
HPRegen 0.27/turn    (no ring)
MPRegen 0.10/turn

%: no passive effects
@: tree-form, attractive
A: stationary, stasis, torment immunity, boosted hp, AC +5, unfitting armour,
(cold-blooded)
a: no special abilities


You were on level 3 of the Dungeon.
You were a tree.
You visited 1 branch of the dungeon, and saw 3 of its levels.

You collected 97 gold pieces.

Inventory:

Hand Weapons
 h - a +2 dagger of pain (weapon)
Missiles
 c - 7 poisoned darts
Scrolls
 e - a scroll of enchant armour {unknown}
 g - a scroll of torment {unknown}
Potions
 a - a potion of heal wounds {unknown}
 i - a potion of curing {unknown}


   Skills:
 * Level 1.1 Fighting
 * Level 0.1 Short Blades
 * Level 0.5 Throwing
 * Level 2.0 Dodging
 * Level 2.0 Stealth
 * Level 2.4 Spellcasting
 * Level 1.2 Conjurations
 * Level 0.4 Necromancy
 * Level 3.4 Fire Magic


You couldn't memorise any spells.
You knew the following spells:

 Your Spells              Type           Power      Damage    Failure   Level
a - Foxfire               Conj/Fire      32%        2x1d5     9%          1
b - Scorch                Fire           24%        2d6       8%          2
c - Inner Flame           Hex/Fire       7%         N/A       30%         3

Your spell library contained the following spells:

 Spells                   Type           Power      Damage    Failure   Level
 Volatile Blastmotes      Fire/Tloc      14%        2d11      30%         3
 Flame Wave               Conj/Fire      8%         2d5       63%         4


Dungeon Overview and Level Annotations

Branches:
Dungeon (3/15)

Altars:

Annotations:
D:3 Ijyb


Innate Abilities, Weirdness & Mutations

You are a tree.
Your roots penetrate the ground, keeping you stationary.
You cannot be teleported.
You are immune to unholy pain and torment.
Your maximum health is greatly increased.
Your equipment is partially melded.
((Your plain brown scales are hard. (AC +5)))
You cannot fit into any form of body armour.
((You are cold-blooded and may be slowed by cold attacks.))


Message History

The endoplasm is severely wounded.
The endoplasm freezes you.
You are frozen.
Unknown command.
It was a potion of lignification.
You turn into a tree.
Your roots penetrate the ground.
The endoplasm hits you but does no damage.
You hit the endoplasm.
You kill the endoplasm!
Casting: Scorch (safe; 8% risk of failure)
Confirm with . or Enter, or press ? or * to list all spells.
You conjure some foxfire!
Ijyb screams, "Die!"
The foxfire hits the orc.
The orc is heavily wounded.
Unknown command.
You closely miss the orc.
The orc is heavily wounded.
You feel yourself speed up. The orc hits you with a +0 war axe.
* * * LOW HITPOINT WARNING * * *
Unknown command.
You hit the orc.
The orc is almost dead.
The orc barely misses you.
The orc priest calls upon Beogh to heal the orc.
The orc's wounds heal themselves!
Unknown command.
You completely miss the orc.
Ijyb screams, "Level is mine!
All mine!"
It was a potion of attraction.
You feel attractive to monsters. The orc hits you with a +0 war axe!
* * * LOW HITPOINT WARNING * * *
The orc priest casts a cantrip, but nothing happens.
Unknown command.
You closely miss the orc. The orc barely misses you.
The orc priest calls down the wrath of Beogh upon you.
Beogh smites you!
You die...

# # # .### #.# # ..°
#.# # #.# #.# # #..##
#.# # #°.### #.# #
#####♣.°###.# #
..°.°oo°.°.##.#
...°og°.°..°..##
...°..°°°.##..°######
.......°..###.......#
# .....°..°.#
#.°.....####
°<...°....#
#######..##.
.....°°°..# #..>..
........# #...##


You could see Ijyb, an orc priest and 2 orcs.

Vanquished Creatures
  3 adders
  A dart slug (D:2)
  2 ball pythons (D:3)
  4 endoplasms
  A giant cockroach (D:1)
  A goblin (D:2)
  3 hobgoblins
  3 jackals (D:1)
  3 quokkas
  A kobold (D:2)
22 creatures vanquished.

Vanquished Creatures (others)
  38 foxfires
38 creatures vanquished.

Grand Total: 60 creatures vanquished

Notes
Turn   | Place    | Note
-------+----------+-------------------------------------------
     0 | D:1      | ChrisAssaf the Draconian Fire Elementalist began the quest
                  | for the Orb.
     0 | D:1      | Reached XP level 1. HP: 14/14 MP: 3/3
   276 | D:1      | Reached XP level 2. HP: 16/20 MP: 1/5
   331 | D:1      | Learned a level 2 spell: Scorch
   440 | D:2      | Reached skill level 1 in Fighting
   585 | D:2      | Reached XP level 3. HP: 28/28 MP: 2/6
   698 | D:3      | Learned a level 3 spell: Inner Flame
   826 | D:3      | Noticed Ijyb
   845 | D:3      | Killed from afar by an orc priest

Illustrated notes

Levels and vault maps discovered:
D:1:      evilmike_arrival_rings, layout_basic, due_unseen_surprise
D:2:      layout_loops_ring, basic_ecumenical_altar, supply_closet_lemuel
D:3:      layout_basic, uniq_ijyb

Skill      XL: |  1  2 |
---------------+-------+-----
Fighting       | 1 |  1.1
Stealth        | 2 |  2.0
Dodging        | 2 |  2.0
Short Blades   | |  0.1
Throwing       | |  0.5
Spellcasting   | |  2.4
Conjurations   | |  1.2
Necromancy     | |  0.4
Fire Magic     | |  3.4

Action                     || total
---------------------------++-------
  Melee: Dagger            ||    20
   Cast: Foxfire           ||    21
         Scorch            ||    14
    Use: Potion            ||     3
         Scroll            ||     3
   Stab: Sleeping          ||     1
 Armour: Skin              ||    24
  Dodge: Dodged            ||    72
